 Dungeon Crawl Stone Soup version 0.29-a0-370-gb5314be063 (webtiles) character file.

Game seed: 464579390176505519

6367 Agony the Quickloader (level 10, 0/91 HPs)
             Began as a Minotaur Hunter on May 2, 2022.
             Was a High Priest of Okawaru.
             Slain by a polar bear (7 damage)
             ... on level 2 of the Lair of Beasts.
             The game lasted 00:25:37 (10262 turns).

Agony the Quickloader (Minotaur Hunter)            Turns: 10262, Time: 00:25:38

Health: 0/91       AC: 13    Str: 15    XL:     10   Next: 65%
Magic:  9/9        EV: 15    Int:  3    God:    Okawaru [*****.]
Gold:   283        SH:  0    Dex: 19    Spells: 9/9 levels left

rFire   + . .      SeeInvis .   a - +2 hand crossbow
rCold   . . .      Faith    .   (no shield)
rNeg    . . .      Spirit   .   e - +1 ring mail {rF+}
rPois   .          Reflect  .   (helmet restricted)
rElec   .          Harm     .   b - +0 cloak {rCorr}
rCorr   +          Rampage  .   E - +0 pair of gloves
Will    ++...      Rage     50% p - +1 pair of boots
Stlth   +++.......              o - necklace of Bloodlust {*Rage Will++ Int-3 Slay+6}
HPRegen 0.25/turn               (no ring)
MPRegen 0.11/turn               (no ring)

@: no status effects
A: horns 2, retaliatory headbutt
a: Renounce Religion, Heroism, Finesse, Duel


You were on level 2 of the Lair of Beasts.
You worshipped Okawaru.
Okawaru was extremely pleased with you.
You visited 3 branches of the dungeon, and saw 12 of its levels.

You collected 455 gold pieces.
You spent 172 gold pieces at shops.

Inventory:

Hand Weapons
 a - a +2 hand crossbow (weapon)
 n - a +2 whip of pain
 L - the +6 morningstar of the Final Chapter {drain, Fragile +Blink Str+3}
   (You found it on level 9 of the Dungeon)

   A truly terrible weapon, it drains the life of any living foe it strikes.
   Str:       It affects your strength (+3).
   +Blink:    It lets you blink.
   Fragile:   It will be destroyed if unequipped.
Missiles
 K - 2 throwing nets
Armour
 b - a +0 cloak of preservation (worn)
 e - a +1 ring mail of fire resistance (worn)
 p - a +1 pair of boots (worn)
 u - a scarf of shadows
 E - a +0 pair of gloves (worn)
Jewellery
 o - the necklace of Bloodlust (around neck) {*Rage Will++ Int-3 Slay+6}
   (You found it on level 2 of the Dungeon)

   [amulet of nothing]

   It extends the wearer's berserk rage when killing foes.
   Int:       It affects your intelligence (-3).
   Slay:      It affects your accuracy & damage with ranged weapons and melee
   (+6).
   *Rage:     It berserks you when you make melee attacks (+50% chance).
   Will:      It greatly increases your willpower.
Wands
 j - a wand of digging (5)
 F - a wand of mindburst (16)
 I - a wand of paralysis (8)
 J - a wand of polymorph (5)
 N - a wand of flame (26)
Scrolls
 c - a scroll of immolation
 g - 2 scrolls of amnesia {unknown}
 i - a scroll of noise {unknown}
 k - a scroll of vulnerability {unknown}
 l - a scroll of enchant armour {unknown}
 m - a scroll of enchant weapon
 r - a scroll of fog
 s - a scroll of silence {unknown}
 w - 4 scrolls of magic mapping
 x - a scroll of torment
 y - a scroll of holy word
 A - a scroll of brand weapon {unknown}
 B - a scroll of blinking {unknown}
 P - a scroll of summoning {unknown}
Potions
 d - 2 potions of attraction
 f - 3 potions of curing
 h - 2 potions of might
 t - a potion of magic
 v - 4 potions of berserk rage
 z - 3 potions of cancellation
 C - a potion of resistance {unknown}
 D - a potion of lignification {unknown}
 G - 2 potions of brilliance
 H - 2 potions of mutation
 M - a potion of haste {unknown}
 O - a potion of flight {unknown}


   Skills:
 + Level 9.0 Fighting
 + Level 1.5 Maces & Flails
 + Level 9.1 Crossbows
 + Level 8.5 Armour
 + Level 8.3 Dodging
 + Level 6.6 Stealth


You had 9 spell levels left.
You didn't know any spells.
Your spell library contained the following spells:

 Spells                   Type           Power      Damage    Failure   Level
 Slow                     Hex            0%         N/A       71%         1
 Ensorcelled Hibernation  Hex/Ice        0%         N/A       85%         2
 Passwall                 Tmut/Erth      0%         N/A       85%         2
 Confusing Touch          Hex            0%         N/A       97%         3
 Swiftness                Air            0%         N/A       97%         3
 Vampiric Draining        Necr           0%         2d6       97%         3
 Borgnjor's Vile Clutch   Necr/Erth      0%         N/A       100%        5
 Animate Dead             Necr           Unusable   N/A       N/A         4
 Death Channel            Necr           Unusable   N/A       N/A         6

Dungeon Overview and Level Annotations

Branches:
Dungeon (9/15)             Temple (1/1) D:7            Lair (2/6) D:8
  Swamp: Lair:2-4    Shoals: Lair:2-4     Snake: Lair:2-4    Spider: Lair:2-4
    Orc: D:9-12

Altars:
Ashenzari
Cheibriados
Dithmenos
Elyvilon
Gozag
Hepliaklqana
Makhleb
Nemelex Xobeh
Okawaru
Qazlal
Ru
Sif Muna
Trog
Uskayaw
Vehumet
Wu Jian
Xom
Yredelemnul
Zin
The Shining One
Jiyva

Shops:
D:5 **([

Annotations:
D:8 2 runed translucent doors


Innate Abilities, Weirdness & Mutations

You have a pair of horns on your head.
You reflexively headbutt those who attack you in melee.


Message History

The polar bear attacks as you move away!
The polar bear misses you. The polar bear closely misses you.
The polar bear claws you but does no damage.
The polar bear attacks as you move away!
The polar bear barely misses you.
The polar bear claws you but does no damage. x2
There is a stone staircase leading down here.
The polar bear misses you. You furiously retaliate!
You headbutt the polar bear, but do no damage.
The polar bear claws you but does no damage.
The polar bear completely misses you.
You climb downwards.
Found 16 gold pieces.
There is a stone staircase leading up here.
Shoot: a) +2 hand crossbow
Press: ? - help, Q - select action, (/) - cycle Shift-Dir - straight line, f - polar bear
Aim: a polar bear (heavily wounded, 79% to hit)
You shoot a bolt. The bolt hits the polar bear!
The polar bear is almost dead.
The polar bear goes berserk!
Shoot: a) +2 hand crossbow
Press: ? - help, Q - select action, (/) - cycle Shift-Dir - straight line, f/p - polar bear
Aim: a polar bear (severely wounded, berserk, 79% to hit)
You shoot a bolt.
The bolt hits the polar bear but does no damage.
The polar bear is severely wounded.
The polar bear bites you!!
* * * LOW HITPOINT WARNING * * *
The polar bear claws you but does no damage. x2
The polar bear misses you.
The polar bear claws you but does no damage.
The polar bear misses you.
Shoot: a) +2 hand crossbow
Press: ? - help, Q - select action, (/) - cycle Shift-Dir - straight line, f/p - polar bear
Aim: a polar bear (severely wounded, berserk, 79% to hit)
You shoot a bolt.
The bolt hits the polar bear but does no damage.
The polar bear is severely wounded.
The polar bear bites you!
You die...

### #.P#
###...#
##.......
###........
..###.......^..
.......@h......
....#..........
. .............
#..............
P##.......$....
PP#...........
...P##.........
.... P###......


You could see a polar bear (berserk).

Vanquished Creatures
  A two-headed ogre (D:8)
  A cane toad (Lair:1)
  Maggie (D:8)
  A shadow (D:9)
  4 yaks
  3 wyverns
  A basilisk (D:8)
  Grum (D:8)
  An acid dragon (D:9)
  A water moccasin (D:7)
  A sky beast (D:7)
  3 ice beasts
  2 black bears
  4 ogres
  7 wolves
  3 kobold brigands
  A gnoll sergeant (D:7)
  A necrophage (D:7)
  6 wights (D:8)
  3 scorpions
  4 killer bees (D:8)
  3 howler monkeys
  6 hounds
  2 gnoll shamans
  An orc priest (D:8)
  2 jellies
  3 iguanas (D:6)
  12 orc wizards
  6 adders
  13 gnolls
  A white imp (D:7)
  2 ufetubi
  3 worms
  2 dart slugs
  27 orcs
  A ball python (D:1)
  7 endoplasms
  2 giant cockroaches
  6 goblins
  9 hobgoblins
  4 jackals (D:5)
  14 kobolds
  7 quokkas
  6 bats
  6 frilled lizards
  9 rats
204 creatures vanquished.

Vanquished Creatures (others)
  An orc (D:8)
  A kobold (D:8)
  A fungus (D:8)
  13 plants
16 creatures vanquished.

Grand Total: 220 creatures vanquished

Notes
Turn   | Place    | Note
-------+----------+-------------------------------------------
     0 | D:1      | Agony the Minotaur Hunter began the quest for the Orb.
     0 | D:1      | Reached XP level 1. HP: 18/18 MP: 0/0
    40 | D:1      | Reached skill level 1 in Stealth
    90 | D:1      | Found a faded altar of an unknown god.
   125 | D:1      | Reached XP level 2. HP: 25/25 MP: 1/1
   627 | D:2      | Found the necklace of Bloodlust {*Rage Will++ Int-3 Slay+6}
   980 | D:2      | Reached skill level 1 in Armour
   980 | D:2      | Reached XP level 3. HP: 30/30 MP: 2/2
  1337 | D:3      | Reached XP level 4. HP: 31/38 MP: 3/3
  2006 | D:3      | Reached skill level 5 in Crossbows
  2316 | D:4      | Reached XP level 5. HP: 45/45 MP: 4/4
  2419 | D:4      | Noticed an ogre
  2571 | D:4      | Found an iron altar of Okawaru.
  2580 | D:4      | Became a worshipper of Warmaster Okawaru
  2846 | D:4      | Found a burning altar of Makhleb.
  2851 | D:4      | Found a stormy altar of Qazlal.
  2851 | D:4      | Found a sacrificial altar of Ru.
  2854 | D:4      | Found a bloodstained altar of Trog.
  2855 | D:4      | Found a glowing golden altar of the Shining One.
  2869 | D:4      | Found a shimmering blue altar of Sif Muna.
  2892 | D:4      | Noticed an ogre
  2895 | D:4      | Killed an ogre
  2896 | D:4      | Reached XP level 6. HP: 52/52 MP: 5/5
  3514 | D:5      | Entered Level 5 of the Dungeon
  3674 | D:5      | Found Fexzov's Weapon Boutique.
  3713 | D:5      | Noticed an ice beast
  3718 | D:5      | Killed an ice beast
  3718 | D:5      | Reached * piety under Okawaru
  3719 | D:5      | Reached XP level 7. HP: 51/60 MP: 6/6
  3745 | D:5      | Found Ibogen's Assorted Antiques.
  4009 | D:5      | Found Ephoimov's Assorted Antiques.
  4627 | D:5      | Reached skill level 5 in Fighting
  4672 | D:5      | Reached ** piety under Okawaru
  4843 | D:5      | Found Xuedeg's Armour Shoppe.
  4903 | D:5      | Bought a +0 cloak of preservation for 172 gold pieces
  5175 | D:6      | Reached skill level 5 in Dodging
  5175 | D:6      | Reached XP level 8. HP: 40/69 MP: 7/7
  5438 | D:6      | Found a white marble altar of Elyvilon.
  5455 | D:6      | Reached skill level 5 in Armour
  5895 | D:7      | Reached *** piety under Okawaru
  6200 | D:7      | Found a staircase to the Ecumenical Temple.
  6515 | D:7      | Reached XP level 9. HP: 78/78 MP: 8/8
  6801 | D:7      | Found a snail-covered altar of Cheibriados.
  6832 | Temple   | Entered the Ecumenical Temple
  7067 | D:8      | Found a staircase to the Lair.
  7150 | D:8      | Reached skill level 5 in Stealth
  7150 | D:8      | Noticed Grum
  7164 | D:8      | Killed Grum
  7319 | D:8      | Noticed Maggie
  7687 | D:8      | Killed Maggie
  7687 | D:8      | Reached **** piety under Okawaru
  8271 | D:8      | Found a runed translucent door.
  8273 | D:8      | Found a runed translucent door.
  8286 | D:8      | Reached XP level 10. HP: 88/88 MP: 9/9
  8338 | D:8      | Found a hide-covered altar of Uskayaw.
  8345 | D:8      | Reached ***** piety under Okawaru
  8444 | D:8      | Noticed a two-headed ogre
  8450 | D:8      | Killed a two-headed ogre
  8861 | D:9      | Noticed a five-headed hydra
  9120 | D:9      | Found a broken altar of Ashenzari.
  9125 | D:9      | Identified the +6 morningstar of the Final Chapter {drain,
                  | Fragile +Blink Str+3}
  9365 | D:9      | Received a gift from Okawaru
 10164 | Lair:1   | Entered Level 1 of the Lair of Beasts
 10218 | Lair:1   | Noticed a cane toad
 10230 | Lair:1   | Killed a cane toad
 10231 | Lair:1   | Reached skill level 1 in Maces & Flails
 10262 | Lair:2   | Slain by a polar bear

Illustrated notes

Levels and vault maps discovered:
D:1:      psy_arrival_terrarium, layout_basic,
          hellmonk_ecumenical_altar_arch_garden
D:2:      layout_rooms, st_stairs_9
D:3:      minmay_thinvault, layout_basic
D:4:      layout_gridville, amcnicky_altar_gilded, okawaru_gym_becter,
          minitemple
D:5:      layout_layer_cave, serial_rivers, chequers_serial_rivers_micro_d,
          chequers_serial_rivers_small_a, chequers_serial_rivers_micro_d,
          chequers_serial_rivers_micro_a, chequers_serial_rivers_room_a,
          chequers_serial_rivers_room_a, serial_shops, kennysheep_mini_moat,
          shop_statue, nicolae_take_the_stairs, shop
D:6:      layout_basic, mainiacjoe_overflow_small_starburst, dk_vineyard_1,
          minmay_misc_feat_room, grunt_ministairs_10
D:7:      layout_loops_ring, kennysheep_little_box,
          minmay_temple_entry_metal_lava
D:8:      lemuel_insect_pit, layout_gridville, nicolae_uskayaw_dance_studio,
          david_lair_generic, uniq_maggie, uniq_grum
D:9:      layout_basic, mainiacjoe_overflow_concentric_impassable
Temple:   pf_slimified_temple
Lair:1:   layout_regular_city, cheibrodos_lair_lostbears
Lair:2:   wad_woods_tower, layout_cave_pods, hangedman_lair_unloving_vines,
          lemuel_fruit_fields, lemuel_fruit_fields

Skill      XL: |  1  2  3  4  5  6  7  8  9 10 |
---------------+-------------------------------+-----
Stealth        | 1 2 3 4 5 6 |  6.6
Armour         | 1 2 3 4 6 7 8 |  8.5
Fighting       | 3 4 5 6 8 9 |  9.0
Dodging        | 3 4 5 6 7 8 |  8.3
Crossbows      | 5 6 7 8 9 |  9.1
Maces & Flails | 1 |  1.5

Action                   |  1- 3 |  4- 6 |  7- 9 | 10-12 || total
-------------------------+-------+-------+-------+-------++-------
Melee: Hand crossbow     |     6 |       |       |       ||     6
       Headbutt          |     2 |       |       |       ||     2
 Fire: Hand crossbow     |    68 |   103 |   287 |   138 ||   596
  Use: Scroll            |     2 |     8 |     6 |     5 ||    21
       Potion            |       |       |     5 |     2 ||     7
Armor: Leather armour    |     7 |     6 |       |       ||    13
       Ring mail         |       |     1 |    76 |    54 ||   131
Dodge: Dodged            |    11 |    11 |   132 |   123 ||   277

Table legend: (Time is in decaauts)
 A = Elapsed time spent in this place.
 B = Non-inter-level travel time spent in this place.
 C = Inter-level travel time spent in this place.
 D = Time resting spent in this place.
 E = Time spent auto-exploring this place.
 F = Levels seen in this place.
 G = Mean time per level.
                   A        B        C        D        E       F      G
               +--------+--------+--------+--------+--------+-----+--------+
         Total |  10430 |   9413 |   1017 |   1731 |   6247 |  12 |  869.2 |
       Dungeon |  10226 |   9227 |    999 |   1731 |   6121 |   9 | 1136.2 |
        Temple |    103 |     85 |     18 |      0 |     78 |   1 |  103.0 |
          Lair |    100 |    100 |      0 |      0 |     48 |   2 |   50.0 |
               +--------+--------+--------+--------+--------+-----+--------+

Top non-repeatable levels by time:
     D:8: 2040 daAuts
     D:5: 1502 daAuts
     D:3: 1407 daAuts
     D:7: 1350 daAuts
     D:4: 1146 daAuts
     D:6: 906 daAuts
     D:9: 851 daAuts
     D:1: 572 daAuts
     D:2: 447 daAuts
  Temple: 103 daAuts
  Lair:1: 97 daAuts
  Lair:2: 3 daAuts
